3A
GRAND FORKS CATERPILLARS @ WALLA WALLA WALLEYE
06/14/2042
 
TOP OF THE 1ST
Grand Forks Caterpillars batting - Pitching for Walla Walla Walleye : RHP Hyeong-ro Park
Pitching: RHP Hyeong-ro Park
Batting: SHB Mannus Coppens 0-0: Called Strike
0-1: Ball
1-1: Foul Ball, location: 2F
1-2: Ball
2-2: Ball
3-2: SINGLE (Line Drive, 34D, EV 107.5 MPH)
Batting: LHB Jorge Cruz 0-0: Ball
1-0: Fielders Choice at 2nd, 4-6 (Groundball, 4M, EV 107.5 MPH)
Batting: LHB Tokaji Mizuno 0-0: Called Strike
0-1: Called Strike
0-2: Foul Ball, location: 2F
0-2: Fly out, F9 (Flyball, 9D, EV 101.2 MPH)
Batting: SHB Tomás Sánchez 0-0: Ball
1-0: Ground out 4-3 (Groundball, 4, EV 98.8 MPH)
Top of the 1st over - 0 runs, 1 hit, 0 errors, 1 left on base; Grand Forks 0 - Walla Walla 0
BOTTOM OF THE 1ST
Walla Walla Walleye batting - Pitching for Grand Forks Caterpillars : RHP Ángel Camelier
Pitching: RHP Ángel Camelier
Batting: RHB Carlton Martin 0-0: Called Strike
0-1: Called Strike
0-2: Foul Ball, location: 2F
0-2: Foul Ball, location: 2F
0-2: Ball
1-2: Strikes out swinging
Batting: RHB Alberto Zúñiga 0-0: SINGLE (Flyball, 9LS, EV 87.5 MPH)
Batting: LHB Derrek Guthrie 0-0: Ball
1-0: Fielders Choice at 2nd, 5-4 (Groundball, 5, EV 100.6 MPH)
Batting: LHB Van Durr 0-0: Foul Ball, location: 2F
0-1: Called Strike
0-2: SINGLE (Flyball, 78M, EV 90.6 MPH)
Derrek Guthrie to second
Batting: RHB Roy Berriman 0-0: DOUBLE (Line Drive, 89M, EV 92.5 MPH)
Derrek Guthrie scores
Van Durr to third
Runner from 3rd tries for Home, SAFE, throw by RF to trailing runner, SAFE at third!
Batting: SHB Víctor Pagueros 0-0: Swinging Strike
0-1: Ball
1-1: Foul Ball, location: 2F
1-2: Ball
2-2: Ball
3-2: Fly out, F9 (Flyball, 9, EV 88.1 MPH)
Bottom of the 1st over - 2 runs, 3 hits, 0 errors, 1 left on base; Grand Forks 0 - Walla Walla 2
TOP OF THE 2ND
Grand Forks Caterpillars batting - Pitching for Walla Walla Walleye : RHP Hyeong-ro Park
Batting: LHB António Cruz 0-0: Ball
1-0: Ground out 2-3 (Groundball, 2L, EV 68.1 MPH)
Batting: LHB Jimmy McComb 0-0: Called Strike
0-1: Swinging Strike
0-2: Foul Ball, location: 2F
0-2: Ball
1-2: SINGLE (Flyball, 9LS, EV 90.6 MPH)
Batting: RHB Juan Morales 0-0: Called Strike
0-1: Fly out, F9 (Line Drive, 9, EV 86.2 MPH)
Batting: RHB Cliff Riley 0-0: Swinging Strike
0-1: Called Strike
0-2: Strikes out swinging
Top of the 2nd over - 0 runs, 1 hit, 0 errors, 1 left on base; Grand Forks 0 - Walla Walla 2
BOTTOM OF THE 2ND
Walla Walla Walleye batting - Pitching for Grand Forks Caterpillars : RHP Ángel Camelier
Batting: RHB Jorge Pedroso 0-0: Foul Ball, location: 2F
0-1: Ground out 6-3 (Groundball, 6, EV 88.8 MPH)
Batting: RHB Bret Taylor 0-0: Ball
1-0: Foul Ball, location: 2F
1-1: Ball
2-1: Foul Ball, location: 2F
2-2: Ground out 6-3 (Groundball, 6, EV 81.9 MPH)
Batting: RHB Jason Kelly 0-0: Ball
1-0: Called Strike
1-1: Swinging Strike
1-2: Ground out 5-3 (Groundball, 56S, EV 84.4 MPH)
Bottom of the 2nd over - 0 runs, 0 hits, 0 errors, 0 left on base; Grand Forks 0 - Walla Walla 2
TOP OF THE 3RD
Grand Forks Caterpillars batting - Pitching for Walla Walla Walleye : RHP Hyeong-ro Park
Batting: SHB Kung Wan 0-0: Called Strike
0-1: Ball
1-1: Ground out 4-3 (Groundball, 4, EV 93.1 MPH)
Batting: SHB Mannus Coppens 0-0: Called Strike
0-1: Foul Ball, location: 2F
0-2: Foul Ball, location: 2F
0-2: Ball
1-2: Foul Ball, location: 2F
1-2: Strikes out swinging
Batting: LHB Jorge Cruz 0-0: Foul Ball, location: 2F
0-1: Ground out 4-3 (Groundball, 4, EV 86.2 MPH)
Top of the 3rd over - 0 runs, 0 hits, 0 errors, 0 left on base; Grand Forks 0 - Walla Walla 2
BOTTOM OF THE 3RD
Walla Walla Walleye batting - Pitching for Grand Forks Caterpillars : RHP Ángel Camelier
Batting: RHB Carlton Martin 0-0: Ball
1-0: Ball
2-0: Called Strike
2-1: Called Strike
2-2: Strikes out swinging
Batting: RHB Alberto Zúñiga 0-0: Fly out, F5 (Popup, 5SF, EV 80.6 MPH)
Batting: LHB Derrek Guthrie 0-0: Fly out, F8 (Line Drive, 8RM, EV 87.5 MPH)
Bottom of the 3rd over - 0 runs, 0 hits, 0 errors, 0 left on base; Grand Forks 0 - Walla Walla 2
TOP OF THE 4TH
Grand Forks Caterpillars batting - Pitching for Walla Walla Walleye : RHP Hyeong-ro Park
Batting: LHB Tokaji Mizuno 0-0: Called Strike
0-1: Ball
1-1: Swinging Strike
1-2: Foul Ball, location: 2F
1-2: Ball
2-2: Foul Ball, location: 2F
2-2: Fly out, F3 (Line Drive, 3, EV 69.4 MPH)
Batting: SHB Tomás Sánchez 0-0: Swinging Strike
0-1: Ball
1-1: Fly out, F9 (Flyball, 9S, EV 78.1 MPH)
Batting: LHB António Cruz 0-0: Ball
1-0: Fly out, F8 (Flyball, 8RS, EV 86.9 MPH)
Top of the 4th over - 0 runs, 0 hits, 0 errors, 0 left on base; Grand Forks 0 - Walla Walla 2
BOTTOM OF THE 4TH
Walla Walla Walleye batting - Pitching for Grand Forks Caterpillars : RHP Ángel Camelier
Batting: LHB Van Durr 0-0: Called Strike
0-1: Ball
1-1: Ball
2-1: Called Strike
2-2: Fly out, F7 (Flyball, 7D, EV 100.0 MPH)
Batting: RHB Roy Berriman 0-0: Fly out, F9 (Line Drive, 9, EV 104.4 MPH)
Batting: SHB Víctor Pagueros 0-0: Called Strike
0-1: Ball
1-1: Ball
2-1: Foul Ball, location: 2F
2-2: Strikes out looking
Bottom of the 4th over - 0 runs, 0 hits, 0 errors, 0 left on base; Grand Forks 0 - Walla Walla 2
TOP OF THE 5TH
Grand Forks Caterpillars batting - Pitching for Walla Walla Walleye : RHP Hyeong-ro Park
Batting: LHB Jimmy McComb 0-0: Ground out 4-3 (Groundball, 4, EV 85.0 MPH)
Batting: RHB Juan Morales 0-0: Ball
1-0: Ball
2-0: SINGLE (Groundball, 56D, EV 100.6 MPH)
Batting: RHB Cliff Riley 0-0: SINGLE (Groundball, 6MD, EV 105.0 MPH)
Juan Morales to second
Runner from 2nd tries for 3rd, SAFE, throw by CF made to third
Batting: SHB Kung Wan 0-0: Ball
1-0: Ball
2-0: Called Strike
2-1: Ball
3-1: Base on Balls
Cliff Riley to second
Batting: SHB Mannus Coppens 0-0: Ball
1-0: Ball
2-0: Swinging Strike
2-1: Fielders Choice at 2nd, 6-4 (Groundball, 6M, EV 108.1 MPH)
Juan Morales scores
Cliff Riley to third
Batting: LHB Jorge Cruz 0-0: Ball
1-0: Ball
2-0: Called Strike
2-1: Foul Ball, location: 2F
2-2: Ball
3-2: Foul Ball, location: 2F
3-2: Base on Balls
Mannus Coppens to second
Batting: LHB Tokaji Mizuno 0-0: Called Strike
0-1: Foul Ball, location: 2F
0-2: DOUBLE (Line Drive, 7LD, EV 113.8 MPH)
Cliff Riley scores
Mannus Coppens scores
Jorge Cruz to third
Runner from 3rd tries for Home, SAFE, no throw by LF
Batting: SHB Tomás Sánchez 0-0: Ball
1-0: Swinging Strike
1-1: Ball
2-1: Ground out 4-3 (Groundball, 4, EV 86.2 MPH)
Top of the 5th over - 4 runs, 3 hits, 0 errors, 1 left on base; Grand Forks 4 - Walla Walla 2
BOTTOM OF THE 5TH
Walla Walla Walleye batting - Pitching for Grand Forks Caterpillars : RHP Ángel Camelier
Batting: RHB Jorge Pedroso 0-0: Ground out 4-3 (Groundball, 4, EV 84.4 MPH)
Batting: RHB Bret Taylor 0-0: Ball
1-0: Ball
2-0: Swinging Strike
2-1: Foul Ball, location: 2F
2-2: Foul Ball, location: 2F
2-2: DOUBLE (Line Drive, 78D, EV 105.6 MPH)
Batting: RHB Jason Kelly 0-0: DOUBLE (Line Drive, 7LS, EV 100.0 MPH)
Bret Taylor scores
Batting: RHB Carlton Martin 0-0: SINGLE (Groundball, 34D, EV 108.8 MPH)
Jason Kelly to third
Runner from 3rd tries for Home, SAFE, no throw by RF
Batting: RHB Alberto Zúñiga 0-0: Called Strike
0-1: Ball
1-1: Swinging Strike
1-2: Ball
2-2: Ball
Carlton Martin steals 2nd base
3-2: Ground out U3 (Groundball, 3, EV 98.8 MPH)
Carlton Martin to third
Batting: LHB Derrek Guthrie 0-0: Ball
1-0: Ball
2-0: Fly out, F9 (Line Drive, 9D, EV 100.6 MPH)
Bottom of the 5th over - 2 runs, 3 hits, 0 errors, 1 left on base; Grand Forks 4 - Walla Walla 4
TOP OF THE 6TH
Grand Forks Caterpillars batting - Pitching for Walla Walla Walleye : RHP Hyeong-ro Park
Batting: LHB António Cruz 0-0: Ball
1-0: TRIPLE (Line Drive, 89XD, EV 108.8 MPH)
Batting: LHB Jimmy McComb 0-0: Called Strike
0-1: Ball
1-1: Ball
2-1: Ball
3-1: Base on Balls
Batting: RHB Juan Morales 0-0: Foul Ball, location: 2F
0-1: Ball
1-1: Foul Ball, location: 2F
1-2: Foul Ball, location: 2F
1-2: Foul Ball, location: 2F
1-2: DOUBLE (Line Drive, 78D, EV 108.8 MPH)
António Cruz scores
Jimmy McComb to third
Pitching: RHP Clayton Horne
Batting: RHB Cliff Riley 0-0: Ground out 1-3 (Groundball, 13S, EV 69.4 MPH)
Batting: SHB Kung Wan 0-0: Swinging Strike
0-1: Foul Ball, location: 2F
0-2: Ball
1-2: Foul Ball, location: 2F
1-2: Foul Ball, location: 2F
1-2: Ground out U3 (Groundball, 34S, EV 76.2 MPH)
Jimmy McComb scores
Juan Morales to third
Batting: SHB Mannus Coppens 0-0: Called Strike
0-1: Called Strike
0-2: Ball
1-2: Fly out, F9 (Line Drive, 9, EV 98.8 MPH)
Top of the 6th over - 2 runs, 2 hits, 0 errors, 1 left on base; Grand Forks 6 - Walla Walla 4
BOTTOM OF THE 6TH
Walla Walla Walleye batting - Pitching for Grand Forks Caterpillars : RHP Ángel Camelier
Batting: LHB Van Durr 0-0: Ball
1-0: Ball
2-0: Foul Ball, location: 2F
2-1: Ball
3-1: Base on Balls
Batting: RHB Roy Berriman 0-0: Ball
Van Durr is caught stealing 2nd base 2-4
1-0: Ground out 5-3 (Groundball, 56, EV 87.5 MPH)
Batting: SHB Víctor Pagueros 0-0: Ball
1-0: Foul Ball, location: 2F
1-1: Ball
2-1: DOUBLE (Line Drive, 89D, EV 106.2 MPH) - OUT at third base trying to stretch hit.
Bottom of the 6th over - 0 runs, 1 hit, 0 errors, 0 left on base; Grand Forks 6 - Walla Walla 4
TOP OF THE 7TH
Grand Forks Caterpillars batting - Pitching for Walla Walla Walleye : RHP Clayton Horne
Batting: LHB Jorge Cruz 0-0: Fly out, F7 (Flyball, 7LS, EV 91.2 MPH)
Batting: LHB Tokaji Mizuno 0-0: Ball
1-0: Ground out 6-3 (Groundball, 6S, EV 68.8 MPH)
Batting: SHB Tomás Sánchez 0-0: Ball
1-0: Ball
2-0: Ground out U3 (Groundball, 3, EV 99.4 MPH)
Top of the 7th over - 0 runs, 0 hits, 0 errors, 0 left on base; Grand Forks 6 - Walla Walla 4
BOTTOM OF THE 7TH
Walla Walla Walleye batting - Pitching for Grand Forks Caterpillars : RHP Ángel Camelier
Now in LF: Henri de Beeld
Now in CF: Roberto Guerrero
Batting: RHB Jorge Pedroso 0-0: Ball
1-0: Called Strike
1-1: Foul Ball, location: 2F
1-2: Ball
2-2: Ball
3-2: Foul Ball, location: 2F
3-2: Foul Ball, location: 2F
3-2: Base on Balls
Pitching: LHP Kjeld van Campen
Batting: RHB Bret Taylor 0-0: Foul Ball, location: 2F
0-1: Ball
1-1: Fly out, F9 (Flyball, 89M, EV 88.8 MPH)
Batting: RHB Jason Kelly 0-0: Ball
1-0: DOUBLE (Line Drive, 9LS, EV 105.0 MPH)
Jorge Pedroso to third
Batting: RHB Carlton Martin 0-0: Foul Ball, location: 2F
0-1: Fly out, F7 (Line Drive, 7, EV 100.6 MPH)
Runner from 3rd tags up, SCORES, throw by LF
Batting: RHB Alberto Zúñiga 0-0: Ball
1-0: Ball
2-0: Foul Ball, location: 2F
2-1: Fly out, F8 (Flyball, 8LS, EV 87.5 MPH)
Bottom of the 7th over - 1 run, 1 hit, 0 errors, 1 left on base; Grand Forks 6 - Walla Walla 5
TOP OF THE 8TH
Grand Forks Caterpillars batting - Pitching for Walla Walla Walleye : RHP Clayton Horne
Pitching: RHP Michael Knight
Batting: LHB António Cruz 0-0: Called Strike
0-1: Ground out 4-3 (Groundball, 4, EV 95.6 MPH)
Batting: LHB Jimmy McComb 0-0: Ball
1-0: Ball
2-0: Ball
3-0: Called Strike
3-1: Called Strike
3-2: Foul Ball, location: 2F
3-2: Foul Ball, location: 2F
3-2: Foul Ball, location: 2F
3-2: Strikes out swinging
Batting: RHB Juan Morales 0-0: Foul Ball, location: 2F
0-1: Ball
1-1: Foul Ball, location: 2F
1-2: Strikes out swinging
Top of the 8th over - 0 runs, 0 hits, 0 errors, 0 left on base; Grand Forks 6 - Walla Walla 5
BOTTOM OF THE 8TH
Walla Walla Walleye batting - Pitching for Grand Forks Caterpillars : LHP Kjeld van Campen
Now at 1B: Miguel Bravo
Batting: LHB Derrek Guthrie 0-0: Foul Ball, location: 2F
0-1: Called Strike
0-2: Ball
1-2: Ball
2-2: Strikes out looking
Batting: LHB Van Durr 0-0: Called Strike
0-1: Foul Ball, location: 2F
0-2: Strikes out swinging
Batting: RHB Roy Berriman 0-0: Foul Ball, location: 2F
0-1: Ball
1-1: Ball
2-1: Called Strike
2-2: Foul Ball, location: 2F
2-2: Strikes out swinging
Bottom of the 8th over - 0 runs, 0 hits, 0 errors, 0 left on base; Grand Forks 6 - Walla Walla 5
TOP OF THE 9TH
Grand Forks Caterpillars batting - Pitching for Walla Walla Walleye : RHP Michael Knight
Batting: RHB Cliff Riley 0-0: Ball
1-0: Foul Ball, location: 2F
1-1: Ball
2-1: Ball
3-1: Foul Ball, location: 2F
3-2: Strikes out looking
Batting: SHB Kung Wan 0-0: Ball
1-0: Called Strike
1-1: Ball
2-1: Foul Ball, location: 2F
2-2: Strikes out swinging
Batting: LHB Henri de Beeld 0-0: Ball
1-0: Foul Ball, location: 2F
1-1: Ground out U3 (Groundball, 34, EV 100.0 MPH)
Top of the 9th over - 0 runs, 0 hits, 0 errors, 0 left on base; Grand Forks 6 - Walla Walla 5
BOTTOM OF THE 9TH
Walla Walla Walleye batting - Pitching for Grand Forks Caterpillars : LHP Kjeld van Campen
Pitching: LHP Jorge Torres
Batting: SHB Víctor Pagueros 0-0: Ball
1-0: Swinging Strike
1-1: Foul Ball, location: 2F
1-2: Ground out 6-3 (Groundball, 56, EV 90.0 MPH)
Batting: RHB Jorge Pedroso 0-0: Ball
1-0: Called Strike
1-1: Called Strike
1-2: Strikes out swinging
Batting: RHB Bret Taylor 0-0: Ball
1-0: Ground out 4-3 (Groundball, 4, EV 99.4 MPH)
Bottom of the 9th over - 0 runs, 0 hits, 0 errors, 0 left on base; Grand Forks 6 - Walla Walla 5
Friday, March 26th, 2021 - OOTP Baseball 20.8 Build 74